 Dungeon Crawl Stone Soup version 0.23.0 (webtiles) character file.

Game seed: 6182459350042007944

855 Lavandula the Grappler (level 7, -3/62 HPs)
             Began as a Troll Wanderer on Feb 17, 2019.
             Slain by a killer bee (9 damage)
             ... on level 4 of the Dungeon.
             The game lasted 00:07:35 (2945 turns).

Lavandula the Grappler (Troll Wanderer)             Turns: 2945, Time: 00:07:36

Health: -3/62      AC:  7    Str: 23    XL:     7   Next: 70%
Magic:  7/7        EV:  9    Int: 11    God:
Gold:   243        SH:  0    Dex:  6    Spells: 4/8 levels left

rFire    . . .     SeeInvis .     - Unarmed
rCold    . . .     Gourm    +   (no shield)
rNeg     . . .     Faith    .   d - +0 robe
rPois    .         Spirit   .   (helmet restricted)
rElec    .         Reflect  .   l - +0 cloak
rCorr    .         Harm     .   (gloves unavailable)
MR       .....                  (boots unavailable)
Stlth    +.........             (no amulet)
HPRegen  0.60/turn              (no ring)
MPRegen  0.10/turn              (no ring)

@: lethally poisoned (-3 -> -19)
A: large, unfitting armour, claws 3, fast metabolism 3, gourmand, regeneration
1, shaggy fur 1, tough skin 3
a: no special abilities


You were on level 4 of the Dungeon.
You were not hungry.

You visited 1 branch of the dungeon, and saw 4 of its levels.

You collected 243 gold pieces.

Inventory:

Hand Weapons
 m - a +3 quarterstaff of chaos
Armour
 d - a +0 robe (worn)
 l - a +0 cloak (worn)
Jewellery
 o - a +3 ring of slaying {unknown}
Wands
 s - a wand of flame (12)
Scrolls
 a - 7 scrolls of remove curse {unknown}
 b - a scroll of fear {unknown}
 c - a scroll of fog {unknown}
 e - 2 scrolls of identify {unknown}
 i - 2 scrolls of magic mapping {unknown}
 t - a scroll of immolation {unknown}
Potions
 g - 4 potions of curing {unknown}
 h - 2 potions of brilliance {unknown}
 j - a potion of lignification {unknown}
 k - a potion of flight {unknown}
 n - a potion of magic {unknown}
 p - a potion of degeneration {unknown}
 q - a potion of heal wounds {unknown}
 r - a potion of ambrosia {unknown}
Comestibles
 f - 10 rations


   Skills:
 + Level 1.0 Fighting
   Level 1.0 Maces & Flails
 - Level 1.0 Throwing
 - Level 1.0 Dodging
 - Level 8.7 Unarmed Combat
 - Level 1.0 Spellcasting
 - Level 2.1 Summonings
   Level 1.0 Earth Magic
 - Level 1.0 Evocations


You had 4 spell levels left.
You knew the following spells:

 Your Spells              Type           Power        Failure   Level  Hunger
a - Summon Lightning Spi  Summ/Air       #.......     90%         4    #####..

Your spell library contained the following spells:

 Spells                   Type           Power        Failure   Level  Hunger
 Summon Small Mammal      Summ           #...         13%         1    ##.....
 Call Imp                 Summ           #.......     21%         2    ###....
 Sandblast                Erth           #.....       22%         1    ##.....
 Corona                   Hex            #......      32%         1    ##.....
 Call Canine Familiar     Summ           #.......     36%         3    ####...
 Ensorcelled Hibernation  Hex/Ice        #.....       43%         2    ###....
 Searing Ray              Conj           #.....       43%         2    ###....
 Throw Frost              Conj/Ice       #.....       43%         2    ###....
 Summon Guardian Golem    Hex/Summ       #.......     52%         3    ####...
 Stone Arrow              Conj/Erth      #.....       61%         3    ####...
 Confuse                  Hex            #.......     67%         3    ####...
 Dazzling Spray           Conj/Hex       #.....       67%         3    ####...
 Tukima's Dance           Hex            #.......     67%         3    ####...
 Summon Ice Beast         Ice/Summ       #.......     90%         4    #####..


Dungeon Overview and Level Annotations

Branches:
Dungeon (4/15)
 Temple: D:4-7

Altars:
Makhleb


Innate Abilities, Weirdness & Mutations

You are too large for most types of armour.
You have claws for hands.
Your metabolism is lightning-fast.
You like to eat raw meat.
Your natural rate of healing is unusually fast.
You are covered in fur. (AC +1)
You have extremely tough skin. (AC +3)


Message History

You miss the killer bee.
The killer bee is severely wounded.
* * * LOW HITPOINT WARNING * * *
You feel sick. The killer bee stings you.
* * * LOW HITPOINT WARNING * * *
The killer bee stings you.
* * * LOW HITPOINT WARNING * * *
You are more poisoned.
The killer bee poisons you!
You miss the killer bee. Your claw misses the killer bee.
The killer bee is heavily wounded.
* * * LOW HITPOINT WARNING * * *
You feel sick. The killer bee barely misses you.
You closely miss the killer bee.
The killer bee is heavily wounded.
* * * LOW HITPOINT WARNING * * *
You feel sick.
The killer bee stings you but does no damage.
The killer bee stings you!
You die...

###########.#
#.#
##...........#
#.#
...###########
#.# #### #.#
#.# #.# ## #.#
.# ####.# .#
#yy@.# .#
#y#### .# #.
.# #y .######
#. ).....# #$
.####.# #. .#
.. .#


You could see 3 killer bees.

Vanquished Creatures
  Grinder (D:3)
  Sigmund (D:2)
  2 ogres
  A scorpion (D:4)
  A killer bee (D:4)
  Crazy Yiuf (D:2)
  Ijyb (D:4)
  Robin (D:2)
  4 adders
  4 gnolls (D:3)
  A howler monkey skeleton (D:4)
  A worm (D:2)
  A dart slug (D:1)
  3 leopard geckos
  2 orcs (D:3)
  9 bats
  4 giant cockroaches
  12 goblins
  14 hobgoblins
  2 quokkas (D:3)
  3 ball pythons
  3 frilled lizards
  7 kobolds
  12 rats
91 creatures vanquished.

Notes
Turn   | Place    | Note
-------+----------+-------------------------------------------
     0 | D:1      | Lavandula the Troll Wanderer began the quest for the Orb.
     0 | D:1      | Lavandula set off with the following items: a +0 robe, a +0
                  | club, 2 rations; and the following spells available to
                  | memorise: Summon Small Mammal, Call Imp, Sandblast, Searing
                  | Ray, Throw Frost, Call Canine Familiar, Summon Guardian
                  | Golem, Stone Arrow, Summon Ice Beast, Summon Lightning
                  | Spire
     0 | D:1      | Reached XP level 1. HP: 19/19 MP: 1/1
   108 | D:1      | Reached skill level 1 in Unarmed Combat
   129 | D:1      | Reached XP level 2. HP: 20/27 MP: 2/2
   245 | D:1      | Reached skill level 2 in Unarmed Combat
   488 | D:2      | Noticed Robin
   501 | D:2      | Reached XP level 3. HP: 33/33 MP: 3/3
   523 | D:2      | Reached skill level 3 in Unarmed Combat
   531 | D:2      | Killed Robin
   556 | D:2      | Found a burning altar of Makhleb.
   556 | D:2      | Noticed a cacodemon
   858 | D:2      | Noticed Sigmund
   951 | D:3      | Reached XP level 4. HP: 40/41 MP: 4/4
  1077 | D:3      | Reached skill level 4 in Unarmed Combat
  1414 | D:2      | Found a runed translucent door.
  1415 | D:2      | Noticed Crazy Yiuf
  1742 | D:2      | Killed Crazy Yiuf
  2013 | D:2      | Killed Sigmund
  2013 | D:2      | Reached skill level 6 in Unarmed Combat
  2013 | D:2      | Reached XP level 5. HP: 21/48 MP: 0/5
  2013 | D:2      | Reached XP level 6. HP: 24/55 MP: 0/6
  2049 | D:3      | Noticed Grinder
  2069 | D:3      | Paralysed by Grinder for 7 turns
  2081 | D:3      | Killed Grinder
  2081 | D:3      | Reached skill level 7 in Unarmed Combat
  2157 | D:3      | Reached XP level 7. HP: 62/62 MP: 7/7
  2632 | D:4      | Learned a level 4 spell: Summon Lightning Spire
  2645 | D:4      | Noticed Ijyb
  2770 | D:3      | Reached skill level 8 in Unarmed Combat
  2784 | D:4      | Killed Ijyb
  2945 | D:4      | Slain by a killer bee

Skill      XL: |  1  2  3  4  5  6  7 |
---------------+----------------------+-----
Unarmed Combat | 1 2 3 6 7 8 |  8.7
Fighting       | |  1.0
Maces & Flails | |  1.0
Throwing       | |  1.0
Dodging        | |  1.0
Spellcasting   | |  1.0
Summonings     | |  2.1
Earth Magic    | |  1.0
Evocations     | |  1.0

Action                   |  1- 3 |  4- 6 |  7- 9 || total
-------------------------+-------+-------+-------++-------
Melee: Unarmed           |   146 |    94 |    79 ||   319
       Punch             |       |       |     1 ||     1
  Eat: Chunk             |    14 |     4 |     8 ||    26
Armor: Robe              |    53 |    24 |    25 ||   102
Dodge: Dodged            |    65 |    40 |    28 ||   133
